[Event "Turkish Youth Championship 2024"]
[Site "Samsun"]
[Date "2024.05.20"]
[Round "4"]
[White "Zeyrek, Ayaz"]
[Black "Aygin, Kerem"]
[Result "1-0"]
[ECO "A80"]
[WhiteElo "1750"]
[BlackElo "1522"]
[Annotator "NA"]
[PlyCount "55"]
[EventDate "2024.05.18"]
[EventType "swiss"]
[EventCountry "TUR"]
[SourceTitle "playchess.com"]
[Source "ChessBase"]
[SourceQuality "1"]
[TimeControl "5400+30"]

1. d4 f5 2. Nf3 Nf6 3. Bf4 e6 4. e3 Be7 5. Be2 O-O 6. h3 d6 7. O-O a5 8. c3 Ne4 9. Nbd2 Na6 10. Nxe4 fxe4 11. Nd2 d5 12. f3 Rxf4 13. exf4 e3 14. Nb1 Bd6 15. Qe1 Bxf4 16. g3 Qg5 17. Kh2 Bd6 18. f4 Qh6 19. Bg4 e5 20. Bxc8 Rxc8 21. fxe5 Be7 22. Na3 c5 23. Qe2 cxd4 24. cxd4 Bxa3 25. bxa3 Rc4 26. Rac1 Nc7 27. Rxc4 dxc4 28. Qxc4+ 1-0

[Event "Turkish Youth Championship 2024"]
[Site "Samsun"]
[Date "2024.05.20"]
[Round "4"]
[White "Bilgin, Ali Tugrul"]
[Black "Zerey, Demhat"]
[Result "0-1"]
[ECO "C78"]
[WhiteElo "1678"]
[BlackElo "1986"]
[Annotator "NA"]
[PlyCount "84"]
[EventDate "2024.05.18"]
[EventType "swiss"]
[EventCountry "TUR"]
[SourceTitle "playchess.com"]
[Source "ChessBase"]
[SourceQuality "1"]
[TimeControl "5400+30"]

1. e4 e5 2. Nf3 Nc6 3. Bb5 a6 4. Ba4 Nf6 5. O-O b5 6. Bb3 Bc5 7. Nxe5 Nxe5 8. d4 Bxd4 9. Qxd4 d6 10. f4 Ng6 11. Bd5 Nxd5 12. exd5 Qf6 13. Qxf6 gxf6 14. b3 Bf5 15. c4 bxc4 16. bxc4 Kd7 17. Nd2 Rab8 18. g3 Rhe8 19. Ba3 Re3 20. Nb3 Bd3 21. Rfc1 Nxf4 22. Rd1 Nh3+ 23. Kg2 Ng5 24. Rxd3 Rxd3 25. Rc1 Re8 26. Rc2 Nf3 27. Rf2 Nd4 28. Nxd4 Rxd4 29. Rxf6 Rxc4 30. Rxf7+ Re7 31. Rf2 Rd4 32. Bb2 Rxd5 33. h4 h5 34. Kh3 c5 35. Bc1 c4 36. Bg5 Rg7 37. Rc2 Rc5 38. g4 hxg4+ 39. Kxg4 d5 40. Kf5 d4+ 41. Ke4 d3 42. Rc3 Rgxg5 0-1

[Event "Turkish Youth Championship 2024"]
[Site "Samsun"]
[Date "2024.05.20"]
[Round "4"]
[White "Ozturk, Ahmet Emir"]
[Black "Buyuk, Ecrin Efsa"]
[Result "1/2-1/2"]
[ECO "D42"]
[WhiteElo "1581"]
[BlackElo "1892"]
[Annotator "NA"]
[PlyCount "91"]
[EventDate "2024.05.18"]
[EventType "swiss"]
[EventCountry "TUR"]
[SourceTitle "playchess.com"]
[Source "ChessBase"]
[SourceQuality "1"]
[TimeControl "5400+30"]

1. e4 c6 2. d4 d5 3. exd5 cxd5 4. c4 Nf6 5. Nc3 e6 6. Nf3 Be7 7. cxd5 Nxd5 8. Bd3 Nc6 9. O-O O-O 10. Bb1 f5 11. Nxd5 Qxd5 12. a3 Rd8 13. Ba2 Qd6 14. Qc2 Kh8 15. Bd2 Bf6 16. Bc3 a5 17. Rad1 Ne7 18. Ne5 Kg8 19. Qe2 b6 20. Qf3 Rb8 21. Rfe1 Nd5 22. Bxd5 exd5 23. Qd3 Be6 24. Re2 Re8 25. f4 Bd8 26. Rde1 b5 27. b4 a4 28. Bb2 Bb6 29. Rc1 Bd7 30. Rec2 Re7 31. Re2 Rbe8 32. Rce1 Bc8 33. Ba1 g6 34. Bb2 Ba6 35. Rc2 Rc7 36. Rec1 Rec8 37. Rxc7 Rxc7 38. Rxc7 Qxc7 39. Qc3 Qa7 40. Kf2 Kg7 41. Nf3 Qd7 42. Qe3 Bb7 43. Qe5+ Kg8 44. Qe3 Bc7 45. Ng5 Bc8 46. g3 1/2-1/2

[Event "Turkish Youth Championship 2024"]
[Site "Samsun"]
[Date "2024.05.20"]
[Round "4"]
[White "Engel, Ecrin Tuana"]
[Black "Gulbas, Isa"]
[Result "0-1"]
[ECO "A46"]
[WhiteElo "1575"]
[BlackElo "1813"]
[Annotator "NA"]
[PlyCount "74"]
[EventDate "2024.05.18"]
[EventType "swiss"]
[EventCountry "TUR"]
[SourceTitle "playchess.com"]
[Source "ChessBase"]
[SourceQuality "1"]
[TimeControl "5400+30"]

1. Nf3 Nf6 2. g3 b5 3. Bg2 Bb7 4. O-O e6 5. d4 Be7 6. c3 c5 7. a4 b4 8. cxb4 cxb4 9. Nbd2 O-O 10. Re1 d5 11. Ne5 Nbd7 12. Nxd7 Qxd7 13. Nb3 Rac8 14. Be3 Ba6 15. Qd2 Bc4 16. Na5 Bd6 17. Bf4 Bc7 18. Bxc7 Qxc7 19. Nxc4 Qxc4 20. Rec1 Qb3 21. e3 a5 22. Bf3 Ne4 23. Bxe4 dxe4 24. Rxc8 Rxc8 25. Rc1 Rxc1+ 26. Qxc1 h5 27. Qc8+ Kh7 28. Qc6 Qxb2 29. Qxe4+ g6 30. Qf4 Qc1+ 31. Kg2 Qc6+ 32. Kg1 Qc1+ 33. Kg2 Qc6+ 34. Kg1 Qb7 35. e4 b3 36. Qc1 b2 37. Qb1 Qb3 0-1

[Event "Turkish Youth Championship 2024"]
[Site "Samsun"]
[Date "2024.05.20"]
[Round "4"]
[White "Sozen, Umutcan"]
[Black "Ozmen, Sevket Mert"]
[Result "0-1"]
[ECO "B22"]
[WhiteElo "1520"]
[BlackElo "1749"]
[Annotator "NA"]
[PlyCount "86"]
[EventDate "2024.05.18"]
[EventType "swiss"]
[EventCountry "TUR"]
[SourceTitle "playchess.com"]
[Source "ChessBase"]
[SourceQuality "1"]
[TimeControl "5400+30"]

1. e4 c5 2. c3 d5 3. exd5 Qxd5 4. d4 Nf6 5. Nf3 Bg4 6. Be2 e6 7. Be3 cxd4 8. cxd4 Nc6 9. O-O Be7 10. Nc3 Qd6 11. h3 Bh5 12. Rc1 O-O 13. Qd2 Rfd8 14. Rfd1 Rac8 15. g4 Bg6 16. Bd3 Bxd3 17. Qxd3 Nb4 18. Qe2 Nfd5 19. Nxd5 Nxd5 20. Rxc8 Rxc8 21. Rc1 Rd8 22. a3 h6 23. Qd3 Bf6 24. Kg2 e5 25. Qe4 exd4 26. Nxd4 Nxe3+ 27. fxe3 Bh4 28. Qf3 g6 29. Ne2 Qb6 30. Rc2 Rd3 31. Nd4 Qd6 32. Ne2 Qe5 33. Rc8+ Kg7 34. Rc3 Rd2 35. a4 Rxb2 36. Rc4 Ra2 37. Rf4 Qc7 38. Qf1 g5 39. Rf5 Qc4 40. Kh1 Rxe2 41. Rxf7+ Qxf7 42. Qxe2 Qf2 43. Qd1 Qe1+ 0-1

[Event "Turkish Youth Championship 2024"]
[Site "Samsun"]
[Date "2024.05.21"]
[Round "5"]
[White "Cilek, Bora"]
[Black "Cicek, Bilal Emre"]
[Result "1-0"]
[ECO "E04"]
[WhiteElo "2246"]
[BlackElo "1873"]
[Annotator "RC"]
[PlyCount "81"]
[EventDate "2024.05.18"]
[EventType "swiss"]
[EventCountry "TUR"]
[SourceTitle "playchess.com"]
[Source "ChessBase"]
[SourceQuality "1"]
[TimeControl "5400+30"]

1. d4 d5 2. Nf3 e6 3. g3 Nf6 4. c4 dxc4 5. Bg2 c5 6. O-O Nc6 7. Qa4 Bd7 8. Qxc4 b5 9. Qd3 c4 10. Qd1 Rc8 11. a4 b4 12. Ne5 Nxe5 13. dxe5 Ng4 14. Qd4 f5 15. exf6 Nxf6 16. Qxa7 Nd5 17. Qd4 Qf6 18. Qxf6 gxf6 19. Nd2 Bd6 20. e4 Nb6 21. a5 Na4 22. b3 cxb3 23. Nxb3 Be5 24. Ra2 Nc3 25. Rb2 Bb5 26. Re1 Na4 27. Ra2 Nc3 28. Rb2 Na4 29. Ra2 Rc3 30. Bf1 Bc6 31. Re3 Ke7 32. Bd2 Rd8 33. Bxc3 Nxc3 34. Rd2 Bxe4 35. Rxd8 Kxd8 36. Bg2 Bd5 37. Re4 Kd7 38. a6 Bb8 39. Rh4 Kc6 40. Rxh7 Kb6 41. Rb7+ 1-0

[Event "Turkish Youth Championship 2024"]
[Site "Samsun"]
[Date "2024.05.21"]
[Round "5"]
[White "Atis, Hasan"]
[Black "Cetindag, Alper"]
[Result "1/2-1/2"]
[ECO "C07"]
[WhiteElo "2014"]
[BlackElo "1839"]
[Annotator "NA RC"]
[PlyCount "99"]
[EventDate "2024.05.18"]
[EventType "swiss"]
[EventCountry "TUR"]
[SourceTitle "playchess.com"]
[Source "ChessBase"]
[SourceQuality "1"]
[TimeControl "5400+30"]

1. e4 e6 2. d4 d5 3. Nd2 c5 4. Ngf3 cxd4 5. exd5 Qxd5 6. Bc4 Qd7 7. O-O Nc6 8. Re1 Nf6 9. Bb5 a6 10. Ba4 b5 11. Bb3 Bb7 12. a4 Be7 13. Ng5 Na5 14. Ba2 Bd5 15. Ndf3 O-O 16. Qxd4 Nc6 17. Qh4 h6 18. Bxd5 Nxd5 19. Qh3 hxg5 20. Bxg5 Rfd8 21. Bd2 Bf6 22. Re4 e5 23. Qxd7 Rxd7 24. axb5 Nd4 25. Nxd4 exd4 26. Ra5 Nb6 27. b3 axb5 28. Rxa8+ Nxa8 29. Re8+ Kh7 30. Rxa8 d3 31. Rc8 dxc2 32. Rxc2 Rd3 33. b4 Bc3 34. Rxc3 Rxd2 35. Kf1 Rb2 36. Rh3+ Kg6 37. Rh4 Kf5 38. h3 Rb1+ 39. Ke2 Rb2+ 40. Ke3 Rb3+ 41. Kd2 Rb2+ 42. Kd3 Rxf2 43. Rg4 g5 44. Kd4 Rc2 45. Kd5 Rc3 46. Rd4 Rc2 47. Rg4 Rc3 48. Rd4 Rc2 49. Rg4 Rc3 50. Rd4 1/2-1/2

[Event "Turkish Youth Championship 2024"]
[Site "Samsun"]
[Date "2024.05.21"]
[Round "5"]
[White "Tirpan, Ceren"]
[Black "Bilgin, Ali Tugrul"]
[Result "1-0"]
[ECO "A36"]
[WhiteElo "2004"]
[BlackElo "1678"]
[Annotator "RC"]
[PlyCount "55"]
[EventDate "2024.05.18"]
[EventType "swiss"]
[EventCountry "TUR"]
[SourceTitle "playchess.com"]
[Source "ChessBase"]
[SourceQuality "1"]
[TimeControl "5400+30"]

1. c4 c5 2. Nc3 Nc6 3. g3 g6 4. Bg2 Bg7 5. d3 d6 6. e3 e5 7. Nge2 Nge7 8. O-O O-O 9. Nd5 Rb8 10. Nec3 a6 11. Rb1 b5 12. Nxe7+ Nxe7 13. cxb5 axb5 14. b4 cxb4 15. Rxb4 Qa5 16. Qb3 Bd7 17. Bd2 Nc8 18. Rb1 Na7 19. Qd1 Qa3 20. Ne4 Be6 21. Bc1 Qa6 22. a4 Bd7 23. Nc3 Rfc8 24. Bd2 Rc5 25. Bf1 Qb6 26. axb5 Bxb5 27. Na4 Bxa4 28. Qxa4 1-0

[Event "Turkish Youth Championship 2024"]
[Site "Samsun"]
[Date "2024.05.21"]
[Round "5"]
[White "Zerey, Demhat"]
[Black "Hamurcu, Mehmet"]
[Result "1-0"]
[ECO "A46"]
[WhiteElo "1986"]
[BlackElo "1832"]
[Annotator "RC"]
[PlyCount "51"]
[EventDate "2024.05.18"]
[EventType "swiss"]
[EventCountry "TUR"]
[SourceTitle "playchess.com"]
[Source "ChessBase"]
[SourceQuality "1"]
[TimeControl "5400+30"]

1. d4 Nf6 2. Bf4 e6 3. e3 c5 4. Nf3 Qb6 5. Qc1 cxd4 6. exd4 Nc6 7. c3 d5 8. Bd3 Bd7 9. O-O Nh5 10. Be3 Rc8 11. Nbd2 a5 12. Ne5 Nxe5 13. dxe5 Bc5 14. Bxc5 Qxc5 15. Nb3 Qe7 16. g4 Qh4 17. f3 g6 18. gxh5 gxh5 19. Nd4 Ke7 20. Kh1 Rcg8 21. Qe3 Rg3 22. Rg1 Rhg8 23. Rxg3 Rxg3 24. Qf2 Rg4 25. Qxh4+ Rxh4 26. Kg2 1-0

[Event "Turkish Youth Championship 2024"]
[Site "Samsun"]
[Date "2024.05.21"]
[Round "5"]
[White "Uzdemir, Ali Poyraz"]
[Black "Ozgun, Yigit Deniz"]
[Result "1-0"]
[ECO "B55"]
[WhiteElo "1898"]
[BlackElo "1917"]
[Annotator "RC"]
[PlyCount "101"]
[EventDate "2024.05.18"]
[EventType "swiss"]
[EventCountry "TUR"]
[SourceTitle "playchess.com"]
[Source "ChessBase"]
[SourceQuality "1"]
[TimeControl "5400+30"]

1. e4 c5 2. Nf3 d6 3. d4 cxd4 4. Nxd4 Nf6 5. f3 Nc6 6. c4 e6 7. Nc3 Be7 8. Be3 O-O 9. Be2 d5 10. Nxc6 bxc6 11. exd5 cxd5 12. cxd5 exd5 13. O-O Be6 14. Qd2 a5 15. Rac1 Bd6 16. Nb5 Bb8 17. Rfd1 Re8 18. Rc3 Bd7 19. Rdc1 Bxb5 20. Bxb5 Rxe3 21. Qxe3 d4 22. Qd3 Bxh2+ 23. Kxh2 dxc3 24. Qxd8+ Rxd8 25. Rxc3 g5 26. Rc7 Nd5 27. Rc5 h6 28. Bc6 Nf4 29. Rxa5 Rd2 30. b4 Rxg2+ 31. Kh1 Rb2 32. b5 Kg7 33. Ra6 h5 34. b6 h4 35. b7 Nh5 36. Ra5 Rb1+ 37. Kh2 Rb2+ 38. Kg1 Rb1+ 39. Kf2 Rb2+ 40. Ke3 h3 41. Rxg5+ Kh6 42. Rg4 f5 43. Rh4 f4+ 44. Kd3 h2 45. Rxh2 Rb6 46. Kd4 Kg5 47. Kc5 Rb1 48. Bb5 Nf6 49. Rd2 Ne8 50. b8=Q Rc1+ 51. Kb6 1-0

[Event "Turkish Youth Championship 2024"]
[Site "Samsun"]
[Date "2024.05.21"]
[Round "5"]
[White "Selvi, Kaan"]
[Black "Zengin, Ovgu"]
[Result "1-0"]
[ECO "B47"]
[WhiteElo "1881"]
[BlackElo "1664"]
[Annotator "NA RC"]
[PlyCount "173"]
[EventDate "2024.05.18"]
[EventType "swiss"]
[EventCountry "TUR"]
[SourceTitle "playchess.com"]
[Source "ChessBase"]
[SourceQuality "1"]
[TimeControl "5400+30"]

1. e4 c5 2. Nf3 e6 3. d4 cxd4 4. Nxd4 Nc6 5. Nc3 Qc7 6. g3 a6 7. Bg2 Nf6 8. O-O Nxd4 9. Qxd4 Bc5 10. Qd1 d6 11. Bf4 h6 12. Na4 e5 13. Nxc5 exf4 14. Nd3 fxg3 15. hxg3 O-O 16. Nf4 Qb6 17. b3 Bd7 18. c4 Qc5 19. Qd3 Rfe8 20. Rad1 Bc6 21. Rfe1 Rad8 22. Qd4 Qa5 23. Re2 Rd7 24. Bh3 Rde7 25. f3 Bd7 26. Bxd7 Rxd7 27. Nd5 Nxd5 28. Qxd5 Qd8 29. f4 Qf6 30. Kg2 Qg6 31. Kf3 Rde7 32. g4 Qf6 33. Kg3 Re6 34. f5 Re5 35. Qxd6 Qg5 36. Qd2 Qf6 37. Qd4 Qg5 38. Qe3 Rxf5 39. Qxg5 Rxg5 40. Kf4 b5 41. e5 Rc8 42. cxb5 axb5 43. Rd5 Rb8 44. Red2 Rb6 45. Rd6 Rb7 46. Rd8+ Kh7 47. R8d7 Rb6 48. Rxf7 Rbg6 49. Rg2 Rb6 50. Rf5 Rgg6 51. g5 b4 52. Rc2 Rb5 53. gxh6 Rxh6 54. e6 Rh4+ 55. Kg5 Rh5+ 56. Kxh5 Rxf5+ 57. Kg4 Re5 58. Rc6 Kg6 59. Kf4 Re2 60. Rb6 Rxa2 61. Ke5 Re2+ 62. Kd6 Kf5 63. Kd7 Kf6 64. Rd6 Re3 65. Rd2 g5 66. Rf2+ Kg6 67. e7 Rd3+ 68. Ke8 Kg7 69. Rf5 Re3 70. Rf7+ Kg8 71. Rf5 Kg7 72. Rb5 Kf6 73. Rb6+ Kg7 74. Rxb4 Kf6 75. Rb6+ Kg7 76. Rb7 Rd3 77. b4 g4 78. Rd7 Ra3 79. Rd4 Ra8+ 80. Kd7 Ra7+ 81. Ke6 Ra6+ 82. Rd6 Ra8 83. b5 Rb8 84. Rd8 Rb6+ 85. Kd7 Rb7+ 86. Kd6 Rb6+ 87. Kc7 1-0

[Event "Turkish Youth Championship 2024"]
[Site "Samsun"]
[Date "2024.05.21"]
[Round "5"]
[White "Gokturk, Murat Kutay"]
[Black "Konyar, Enver"]
[Result "1-0"]
[ECO "B15"]
[WhiteElo "1862"]
[BlackElo "1606"]
[Annotator "NA RC"]
[PlyCount "89"]
[EventDate "2024.05.18"]
[EventType "swiss"]
[EventCountry "TUR"]
[SourceTitle "playchess.com"]
[Source "ChessBase"]
[SourceQuality "1"]
[TimeControl "5400+30"]

1. e4 c6 2. d4 d5 3. Nc3 dxe4 4. Nxe4 Nf6 5. Nxf6+ exf6 6. Be3 Bd6 7. Bd3 O-O 8. Ne2 Re8 9. O-O Nd7 10. Qd2 Nf8 11. c4 Be6 12. Ng3 Rc8 13. Rad1 Bb8 14. f4 Rc7 15. f5 Bc8 16. Bf4 Qxd4+ 17. Qf2 Qd8 18. Nh5 Bd7 19. Qg3 g6 20. fxg6 hxg6 21. Bxc7 Bxc7 22. Nxf6+ Qxf6 23. Qxc7 Qxb2 24. Qf4 Be6 25. Rde1 Rd8 26. Re3 Rd4 27. Qe5 Qb6 28. Kh1 Nd7 29. Qg5 Rg4 30. Qh6 Qb2 31. Qh3 Rf4 32. Rxe6 Rxf1+ 33. Bxf1 fxe6 34. Qxe6+ Kf8 35. Qxd7 Qa1 36. Kg1 Qxa2 37. Qxb7 a5 38. Qxc6 a4 39. Qf6+ Ke8 40. c5 Kd7 41. Bb5+ Kc7 42. Qd6+ Kb7 43. Bc6+ Ka7 44. Qc7+ Ka6 45. Qb6# 1-0

[Event "Turkish Youth Championship 2024"]
[Site "Samsun"]
[Date "2024.05.21"]
[Round "5"]
[White "Gulbas, Isa"]
[Black "Ergin, Hasan Kaan"]
[Result "1/2-1/2"]
[ECO "C45"]
[WhiteElo "1813"]
[BlackElo "1632"]
[Annotator "NA RC"]
[PlyCount "102"]
[EventDate "2024.05.18"]
[EventType "swiss"]
[EventCountry "TUR"]
[SourceTitle "playchess.com"]
[Source "ChessBase"]
[SourceQuality "1"]
[TimeControl "5400+30"]

1. e4 e5 2. Nf3 Nc6 3. d4 exd4 4. Nxd4 Nf6 5. Nxc6 bxc6 6. e5 Qe7 7. Qe2 Nd5 8. c4 Ba6 9. b3 g6 10. f4 Bg7 11. Qf2 Nb4 12. Bb2 c5 13. Nc3 d6 14. a3 Nc6 15. Nd5 Qd7 16. Nxc7+ Qxc7 17. exd6 Qa5+ 18. b4 Bxb2 19. Qxb2 cxb4 20. Qxh8+ Kd7 21. Qxa8 b3+ 22. Kd1 Qf5 23. Qh8 Qc2+ 24. Ke1 b2 25. Be2 b1=Q+ 26. Rxb1 Qxb1+ 27. Kf2 Qxh1 28. Qxh7 Nd8 29. Bf1 Kxd6 30. Qh8 Kc7 31. Qe5+ Kc8 32. Qc5+ Kb7 33. Qe7+ Kc8 34. Qxa7 Bb7 35. Qc5+ Bc6 36. h3 Qh2 37. Qd6 g5 38. c5 gxf4 39. Ba6+ Bb7 40. Bxb7+ Nxb7 41. Qf8+ Kc7 42. Qxf7+ Kc6 43. Qg6+ Kxc5 44. Qg5+ Kc6 45. Kf3 Qg1 46. Qxf4 Nd6 47. Qa4+ Kc7 48. Qa5+ Kd7 49. Qa4+ Kc7 50. Qa5+ Kd7 51. Qa4+ Kc7 1/2-1/2

[Event "Turkish Youth Championship 2024"]
[Site "Samsun"]
[Date "2024.05.21"]
[Round "5"]
[White "Ozmen, Sevket Mert"]
[Black "Balci, Ahmet Hakan"]
[Result "1-0"]
[ECO "B22"]
[WhiteElo "1749"]
[BlackElo "1563"]
[Annotator "NA RC"]
[PlyCount "175"]
[EventDate "2024.05.18"]
[EventType "swiss"]
[EventCountry "TUR"]
[SourceTitle "playchess.com"]
[Source "ChessBase"]
[SourceQuality "1"]
[TimeControl "5400+30"]

1. e4 c5 2. c3 d5 3. exd5 Qxd5 4. d4 cxd4 5. cxd4 Nc6 6. Nf3 Bg4 7. Be2 e6 8. O-O Nf6 9. h3 Bh5 10. Nc3 Qd7 11. Be3 Bb4 12. Qb3 Bxc3 13. bxc3 O-O 14. Rfd1 Qc7 15. Rac1 Nd5 16. Bg5 Nf4 17. Bxf4 Qxf4 18. Qxb7 Rfc8 19. Qb2 Rab8 20. Qd2 Qd6 21. Ng5 Bxe2 22. Qxe2 Qf4 23. Nf3 Ne7 24. Rc2 Nd5 25. c4 Nb4 26. Rb2 Qc7 27. a3 Nc6 28. Rxb8 Nxb8 29. Nd2 Qd6 30. Qd3 Nc6 31. Ne4 Qe7 32. d5 exd5 33. cxd5 Ne5 34. d6 Qe6 35. Qd4 Nd7 36. Qxa7 h6 37. Qe3 Re8 38. Rd4 f5 39. Ng3 Qxe3 40. fxe3 Rxe3 41. Nxf5 Rxa3 42. Re4 Ra5 43. Re8+ Kh7 44. Nxg7 Kg6 45. Re7 Ra7 46. Ne6 Kf6 47. Nc7 Ra1+ 48. Kh2 Nc5 49. Nd5+ Kf5 50. d7 Nxd7 51. Rxd7 Re1 52. Rf7+ Kg6 53. Rf3 Re5 54. Ne3 Ra5 55. Ng4 h5 56. Ne3 Rb5 57. g4 hxg4 58. hxg4 Rb2+ 59. Kg3 Rb1 60. Ng2 Rg1 61. Kh2 Ra1 62. Ne3 Ra4 63. Kg3 Re4 64. Ng2 Kg5 65. Rf5+ Kh6 66. Kh4 Re2 67. Rh5+ Kg7 68. Nf4 Re4 69. Rf5 Kh6 70. Rf6+ Kh7 71. Kg5 Re7 72. Nh5 Ra7 73. Rh6+ Kg8 74. Nf6+ Kg7 75. Rh7+ Kf8 76. Kg6 Rg7+ 77. Kh5 Rg5+ 78. Kh4 Rg6 79. Nh5 Kg8 80. Rb7 Rc6 81. g5 Rc4+ 82. Kg3 Rc5 83. Kg4 Ra5 84. g6 Ra4+ 85. Kg5 Kf8 86. Rf7+ Ke8 87. Nf6+ Kd8 88. g7 1-0

[Event "Turkish Youth Championship 2024"]
[Site "Samsun"]
[Date "2024.05.21"]
[Round "5"]
[White "Cagatay, Mehmet Kayra"]
[Black "Cakir, Kerem Cagri"]
[Result "1-0"]
[ECO "C54"]
[WhiteElo "1717"]
[BlackElo "1585"]
[Annotator "NA RC"]
[PlyCount "97"]
[EventDate "2024.05.18"]
[EventType "swiss"]
[EventCountry "TUR"]
[SourceTitle "playchess.com"]
[Source "ChessBase"]
[SourceQuality "1"]
[TimeControl "5400+30"]

1. e4 e5 2. Nf3 Nc6 3. Bc4 Bc5 4. c3 Nf6 5. d3 h6 6. O-O d6 7. b4 Bb6 8. a4 a5 9. b5 Ne7 10. Re1 Be6 11. Nbd2 Ng6 12. Bxe6 fxe6 13. Nc4 O-O 14. Qb3 Qe7 15. Nxb6 cxb6 16. Be3 Nf4 17. Bxf4 exf4 18. d4 Nh5 19. e5 d5 20. c4 dxc4 21. Qxc4 Rac8 22. Qd3 Rcd8 23. Rac1 Qf7 24. Rc4 Rd7 25. Rec1 Rfd8 26. h3 g5 27. Nd2 Ng7 28. Rc8 Qe8 29. R8c4 Qf7 30. Ne4 Ne8 31. Qc3 Qh7 32. f3 Qe7 33. Qd3 Qh7 34. Rc8 Qe7 35. Rxd8 Qxd8 36. Rc4 Kh8 37. Qc3 Qe7 38. Rc8 Kg7 39. Kh2 Kf7 40. Qd3 Kg7 41. Rxe8 Qxe8 42. Nf6 Qf7 43. Qh7+ Kf8 44. Nxd7+ Ke8 45. Qxf7+ Kxf7 46. Nxb6 Ke7 47. h4 Kd8 48. hxg5 hxg5 49. Kh3 1-0

[Event "Turkish Youth Championship 2024"]
[Site "Samsun"]
[Date "2024.05.21"]
[Round "5"]
[White "Yogurtcuoglu, Cagan"]
[Black "Buyuk, Eymen Eren"]
[Result "1-0"]
[ECO "D46"]
[WhiteElo "1714"]
[BlackElo "1999"]
[Annotator "RC"]
[PlyCount "115"]
[EventDate "2024.05.18"]
[EventType "swiss"]
[EventCountry "TUR"]
[SourceTitle "playchess.com"]
[Source "ChessBase"]
[SourceQuality "1"]
[TimeControl "5400+30"]

1. d4 d5 2. c4 c6 3. Nc3 Nf6 4. Nf3 e6 5. e3 Bd6 6. Qc2 Nbd7 7. Bd3 O-O 8. O-O b6 9. e4 dxc4 10. Bxc4 e5 11. Rd1 Qc7 12. h3 Bb7 13. Bg5 h6 14. Be3 b5 15. Bb3 a6 16. a4 Rac8 17. Rac1 exd4 18. Bxd4 Bf4 19. Ra1 b4 20. Ne2 c5 21. Bxf6 Nxf6 22. Bd5 Nxd5 23. exd5 Bd6 24. Qc4 Rfe8 25. Rd2 a5 26. Rad1 Qd7 27. Ng3 Bxg3 28. fxg3 Qxa4 29. g4 Qd7 30. g5 hxg5 31. Nxg5 Re5 32. h4 Rd8 33. d6 Rde8 34. Rf1 Rf5 35. Rxf5 Qxf5 36. d7 Rd8 37. g4 Qb1+ 38. Kf2 Bc6 39. Qxf7+ Kh8 40. Ne6 Qh7 41. Nxd8 Qxh4+ 42. Ke2 Qxg4+ 43. Ke1 Qh4+ 44. Rf2 Qe4+ 45. Re2 Qh4+ 46. Qf2 Qh1+ 47. Kd2 Qd5+ 48. Kc1 Bxd7 49. Nf7+ Kg8 50. Ne5 Ba4 51. Re1 Qa2 52. Nd3 c4 53. Rf1 cxd3 54. Qf8+ Kh7 55. Rh1+ Kg6 56. Rg1+ Kh5 57. Qf5+ Kh6 58. Qg6# 1-0

[Event "Turkish Youth Championship 2024"]
[Site "Samsun"]
[Date "2024.05.21"]
[Round "5"]
[White "Tonoglu, Engin Erdem"]
[Black "Ozer, Yigit Eren"]
[Result "1/2-1/2"]
[ECO "C78"]
[WhiteElo "1691"]
[BlackElo "1519"]
[Annotator "NA RC"]
[PlyCount "89"]
[EventDate "2024.05.18"]
[EventType "swiss"]
[EventCountry "TUR"]
[SourceTitle "playchess.com"]
[Source "ChessBase"]
[SourceQuality "1"]
[TimeControl "5400+30"]

1. e4 e5 2. Nf3 Nc6 3. Bb5 a6 4. Ba4 Nf6 5. O-O b5 6. Bb3 Bc5 7. d3 h6 8. Be3 Bxe3 9. fxe3 d6 10. Nc3 Na5 11. Nd5 Nxb3 12. axb3 Nxd5 13. exd5 c6 14. dxc6 Qb6 15. d4 e4 16. Nd2 Qxc6 17. c4 O-O 18. Qe2 f5 19. cxb5 axb5 20. Rxa8 Qxa8 21. Rc1 Qb7 22. Nb1 Bd7 23. b4 f4 24. exf4 Rxf4 25. Qe3 Rf6 26. Nc3 Bc6 27. Ne2 d5 28. Ng3 Qd7 29. Nh5 Rf7 30. Nf4 Qg4 31. Rf1 g5 32. Ne2 Rxf1+ 33. Kxf1 Kf7 34. h3 Qf5+ 35. Qf2 Qxf2+ 36. Kxf2 h5 37. g4 Bd7 38. Kg3 h4+ 39. Kf2 Ke6 40. Nc3 Kd6 41. Nd1 Ke7 42. Ne3 Kd6 43. Nd1 Ke7 44. Ne3 Kd6 45. Nd1 1/2-1/2

[Event "Turkish Youth Championship 2024"]
[Site "Samsun"]
[Date "2024.05.21"]
[Round "5"]
[White "Incecinar, Abdullah Mete"]
[Black "Topuz, Mirac Melih"]
[Result "1/2-1/2"]
[ECO "B47"]
[WhiteElo "1643"]
[BlackElo "2079"]
[Annotator "RC"]
[PlyCount "60"]
[EventDate "2024.05.18"]
[EventType "swiss"]
[EventCountry "TUR"]
[SourceTitle "playchess.com"]
[Source "ChessBase"]
[SourceQuality "1"]
[TimeControl "5400+30"]

1. e4 c5 2. Nf3 Nc6 3. d4 cxd4 4. Nxd4 Qc7 5. Nc3 e6 6. Qd3 a6 7. Nxc6 bxc6 8. Qg3 Qxg3 9. hxg3 d5 10. Bd3 Bc5 11. exd5 exd5 12. Bf4 Ne7 13. f3 Bb4 14. O-O-O Bxc3 15. bxc3 Bf5 16. Bxf5 Nxf5 17. c4 O-O-O 18. cxd5 Rxd5 19. Rxd5 cxd5 20. Re1 Kd7 21. g4 Ne7 22. Re3 Rc8 23. Rb3 Rc6 24. Kd2 Rc8 25. Kd3 Rc6 26. Rb7+ Ke6 27. Bg3 h6 28. Bh4 Ng6 29. Bg3 Ne7 30. Bh4 Ng6 1/2-1/2

[Event "Turkish Youth Championship 2024"]
[Site "Samsun"]
[Date "2024.05.21"]
[Round "5"]
[White "Cecen, Kuay Kam"]
[Black "Ekinci, Berkay"]
[Result "0-1"]
[ECO "D02"]
[WhiteElo "1642"]
[BlackElo "1891"]
[Annotator "NA RC"]
[PlyCount "56"]
[EventDate "2024.05.18"]
[EventType "swiss"]
[EventCountry "TUR"]
[SourceTitle "playchess.com"]
[Source "ChessBase"]
[SourceQuality "1"]
[TimeControl "5400+30"]

1. d4 Nf6 2. Nf3 e6 3. Bf4 d5 4. e3 Bd6 5. Ne5 O-O 6. Bd3 c5 7. c3 Nc6 8. Nd2 Qc7 9. Ndf3 Ne4 10. Qc2 cxd4 11. cxd4 Qa5+ 12. Kf1 Nb4 13. Qb3 f6 14. Ng4 h5 15. Bxd6 Nxd6 16. Bg6 hxg4 17. Qd1 Nf5 18. h4 Qb5+ 19. Kg1 Qd3 20. Nd2 Bd7 21. h5 g3 22. h6 gxf2+ 23. Kh2 Qxe3 24. Bxf5 exf5 25. Qh5 Qxd2 26. hxg7 Kxg7 27. g4 f1=Q+ 28. Kg3 Qfg2+ 0-1

[Event "Turkish Youth Championship 2024"]
[Site "Samsun"]
[Date "2024.05.21"]
[Round "5"]
[White "Kozan, Hayreddin"]
[Black "Zeyrek, Ayaz"]
[Result "1/2-1/2"]
[ECO "B33"]
[WhiteElo "1600"]
[BlackElo "1750"]
[Annotator "NA RC"]
[PlyCount "117"]
[EventDate "2024.05.18"]
[EventType "swiss"]
[EventCountry "TUR"]
[SourceTitle "playchess.com"]
[Source "ChessBase"]
[SourceQuality "1"]
[TimeControl "5400+30"]

1. e4 c5 2. Nf3 Nc6 3. d4 cxd4 4. Nxd4 Nf6 5. Nc3 e5 6. Ndb5 d6 7. Bg5 a6 8. Na3 b5 9. Bxf6 gxf6 10. Nd5 Bg7 11. g3 O-O 12. c3 Ne7 13. Bg2 Nxd5 14. Qxd5 Be6 15. Qd3 Qd7 16. Nc2 Rac8 17. Ne3 Bc4 18. Nxc4 bxc4 19. Qc2 Rc5 20. Rd1 Rb8 21. O-O Ra5 22. a3 Bf8 23. Rd5 Qa4 24. Qxa4 Rxa4 25. Rd2 Ra5 26. Re1 Be7 27. Bf1 Rc5 28. h4 Kf8 29. Rd5 Rxd5 30. exd5 Rxb2 31. Bxc4 a5 32. a4 Bd8 33. Re3 Bb6 34. Rf3 Ke7 35. Bb5 h6 36. c4 Bc5 37. Rf5 Rb3 38. Kg2 Rb2 39. Kg1 Rd2 40. Rf3 Bd4 41. Kf1 Rd1+ 42. Kg2 Re1 43. Bc6 e4 44. Rf5 Rc1 45. Bb5 Be5 46. Rh5 Rc2 47. Kf1 Kf8 48. g4 Kg7 49. Rf5 Kg6 50. Ba6 Rc3 51. Kg2 Rc1 52. Bb5 Re1 53. Ba6 Bd4 54. Rf4 h5 55. c5 Be5 56. Rxe4 Rxe4 57. Bd3 dxc5 58. Bxe4+ Kh6 59. f3 1/2-1/2